 Dungeon Crawl Stone Soup version 0.31-a0-233-g139696dc86 (webtiles) character file.

Game seed: 15018787517477714572

42 qw the Shooter (level 3, 0/29 HPs)
             Began as a Minotaur Hexslinger on July 8, 2023.
             Slain by a black bear (5 damage)
             ... on level 2 of the Dungeon.
             The game lasted 00:00:21 (1240 turns).

qw the Shooter (Minotaur Hexslinger)                Turns: 1240, Time: 00:00:22

Health: 0/29       AC:  2    Str: 12    XL:     3   Next: 33%
Magic:  3/3        EV: 12    Int: 10    God:
Gold:   142        SH:  0    Dex: 14    Spells: 3/4 levels left

rFire   . . .        Y - +1 sling
rCold   . . .        (no shield)
rNeg    . . .        c - +0 robe
rPois   .            (helmet restricted)
rElec   .            (no cloak)
rCorr   .            (no gloves)
SInv    .            (no boots)
Will    .....        (no amulet)
Stlth   +            (no ring)
HPRegen 0.24/turn    (no ring)
MPRegen 0.08/turn

%: no passive effects
@: no status effects
A: horns 2, retaliatory headbutt
a: no special abilities


You were on level 2 of the Dungeon.
You visited 1 branch of the dungeon, and saw 2 of its levels.

You collected 142 gold pieces.


Innate Abilities, Weirdness & Mutations

You have a pair of horns on your head.
You reflexively headbutt those who attack you in melee.


   Skills:
 - Level 2.0 Fighting
 + Level 3.9 Ranged Weapons
 - Level 2.1 Dodging
 - Level 1.0 Spellcasting
 - Level 2.0 Hexes


You had 3 spell levels left.
You knew the following spells:

 Your Spells              Type           Power      Damage    Failure   Level
a - Slow                  Hex            16%        N/A       16%         1

Your spell library contained the following spells:

 Spells                   Type           Power      Damage    Failure   Level
 Inner Flame              Hex/Fire       2%         N/A       56%         3
 Portal Projectile        Hex/Tloc       4%         N/A       56%         3
 Cause Fear               Hex            2%         N/A       83%         4

Inventory:

Hand Weapons
 Y - a +1 sling (weapon)
Armour
 c - a +0 robe (worn)
Potions
 a - a potion of invisibility {unknown}
 b - a potion of heal wounds {unknown}

Dungeon Overview and Level Annotations

Branches:
Dungeon (2/15)

Altars:


Message History

You shoot a sling bullet.
The sling bullet closely misses the ball python.
You shoot a sling bullet.
The sling bullet hits the ball python but does no damage.
You shoot a sling bullet. The sling bullet hits the ball python.
You kill the ball python!
You now have 142 gold pieces (gained 8).
A kobold comes into view. It is wielding a +0 dagger.
The kobold shouts!
You hear an angry growl.
A black bear comes into view.
The kobold moves out of view.
Enter note:
Enter note: You shoot a sling bullet.
The sling bullet barely misses the black bear.
You shoot a sling bullet. The sling bullet hits the black bear.
The black bear is lightly wounded.
You shoot a sling bullet.
The sling bullet closely misses the black bear.
The black bear closely misses you.
The black bear claws you but does no damage.
The black bear claws you.
You shoot a sling bullet. The sling bullet hits the black bear!
The black bear is moderately wounded.
The black bear bites you!
The black bear claws you but does no damage.
The black bear closely misses you. The kobold hits you but does no damage.
You shoot a sling bullet.
The sling bullet closely misses the black bear.
The black bear bites you but does no damage.
The black bear claws you but does no damage.
The black bear misses you. The kobold hits you with a +0 dagger.
The kobold hits you but does no damage. The black bear bites you.
The black bear claws you. The black bear barely misses you.
You shoot a sling bullet.
The sling bullet closely misses the black bear.
The kobold hits you with a +0 dagger.
The black bear bites you but does no damage.
The black bear claws you.
You die...

....# #.#.##.#
....# #.#....#
....#
#####....###
....# .
...........#
##### ..#
#######.##.#
.. #.......#.#
##.#.##.#..#.#
#....##....#.#
#.h@.##.##.#
#.K####....#
#.. ..#### ##.
#.# .. ..# #.
### .. ##


You could see a black bear and a kobold.

Vanquished Creatures
  An adder (D:2)
  2 ball pythons
  2 endoplasms
  2 giant cockroaches
  4 goblins
  6 hobgoblins
  2 quokkas
  3 bats (D:1)
  3 frilled lizards (D:1)
  3 kobolds
  A rat (D:1)
29 creatures vanquished.

Notes
Turn   | Place    | Note
-------+----------+-------------------------------------------
     0 | D:1      | qw the Minotaur Hexslinger began the quest for the Orb.
     0 | D:1      | Reached XP level 1. HP: 16/16 MP: 1/1
     0 | D:1      | 0 ||| qw: Version: 0.3-a-46-gb1f654a
     0 | D:1      | 0 ||| qw: Game counter: 3733
     0 | D:1      | 0 ||| qw: Melee chars always use a shield: true
     0 | D:1      | 0 ||| qw: God list: Okawaru
     0 | D:1      | 0 ||| qw: Allow faded altars: false
     0 | D:1      | 0 ||| qw: Do Orc after clearing Dungeon:15 true
     0 | D:1      | 0 ||| qw: Do second Lair branch before Depths: true
     0 | D:1      | 0 ||| qw: Lair rune preference: random
     0 | D:1      | 0 ||| qw: Goals: Normal
     0 | D:1      | 0 ||| PLANNING D:1-11
   231 | D:1      | Reached skill level 3 in Ranged Weapons
   231 | D:1      | Reached XP level 2. HP: 23/23 MP: 2/2
   818 | D:1      | 818 ||| READING scroll labelled FAUFUSOEZE LORAGU.
   819 | D:1      | 819 ||| READING scroll labelled TEFUDA UQAMI.
   820 | D:1      | 820 ||| READING scroll labelled ZAEKUS TOXZICU.
   821 | D:1      | 821 ||| DROPPING scroll of poison.
   915 | D:2      | Reached XP level 3. HP: 26/29 MP: 3/3
  1234 | D:2      | Noticed a black bear
  1240 | D:2      | HP: 5/29 [kobold/+0 dagger (4)]
  1240 | D:2      | Slain by a black bear

Levels and vault maps discovered:
D:1:      dpeg_arrival_water_temple_mockup, layout_loops_corners, minivault_14,
          hangedman_decor_points, minmay_misc_feat_five
D:2:      layout_basic

Skill      XL: |  1  2 |
---------------+-------+-----
Ranged Weapons | 3 |  3.9
Fighting       | 2 |  2.0
Dodging        | |  2.1
Spellcasting   | |  1.0
Hexes          | |  2.0

Action                     || total
---------------------------++-------
   Fire: Sling             ||    86
    Use: Scroll            ||     3
 Armour: Robe              ||     8
  Dodge: Dodged            ||    25

Table legend:
 A = Non-vault XP
 B = Vault XP
 C = Vault XP percentage of total XP
 D = Non-vault monster count
 E = Vault monster count
 F = Vault count percentage of total count
                 A         B        C        D         E       F
            +---------+---------+-------+---------+---------+-------
      Total |      60 |       0 |   0.0 |      29 |       0 |   0.0
            +---------+---------+-------+---------+---------+-------
        D:1 |      28 |       0 |   0.0 |      18 |       0 |   0.0
        D:2 |      32 |       0 |   0.0 |      11 |       0 |   0.0
            +---------+---------+-------+---------+---------+-------
